AoeStats
← [CL] Al3jandr0.magn00

Arabia

506217031Analyzed
1v1 RM · 19d ago on Sep 12, 2026· 57m 30s· 2 players
Game mode
Random Map
Map size
Tiny (2 player)
Population
200
Speed
Normal
Resources
Standard
Victory
Conquest
Starting age
Dark Age
Ending age
Imperial Age
RankedLock teamsTeams togetherTeam positionsShared explorationLock speedFull tech treeHidden civsTurbo modeCheats
Victory
Defeat
🇨🇴 Teutons · Colombia
1797
+18
🇦🇷 Goths · Argentina
1838
-18
Alvaro_Uribest
6:42 Loom
8:59 Feudal Age
9:04 Man-at-Arms
9:30 Double-Bit Axe
11:36 Horse Collar
15:34 Bloodlines
19:08 Forging
20:56 Wheelbarrow
24:17 Castle Age
22:16 Gold Mining
22:49 Scale Barding Armor
25:30 Chain Barding Armor
25:20 Bow Saw
25:11 Heavy Plow
27:49 Iron Casting
41:39 Imperial Age
40:28 Stone Mining
41:36 Fletching
42:12 Hand Cart
41:43 Town Watch
43:31 Blast Furnace
42:06 Heavy Scorpion
43:47 Two-Man Saw
43:37 Conscription
43:04 Cavalier
46:08 Chemistry
46:14 Stone Shaft Mining
46:25 Plate Barding Armor
45:47 Pikeman
46:28 Squires
46:58 Scale Mail Armor
47:35 Paladin
48:33 Chain Mail Armor
48:45 Crenellations
48:56 Ballistics
48:44 Siege Engineers
52:54 Guilds
52:33 Gambesons
53:20 Plate Mail Armor
54:51 Masonry
55:01 Ballistics
54:39 Bodkin Arrow
55:10 Ironclad
55:51 Long Swordsman
55:51 Halberdier
56:26 Two-Handed Swordsman
56:53 Arson
57:10 Padded Archer Armor
[CL] Al3jandr0.magn00
5:50 Loom
8:44 Feudal Age
8:54 Man-at-Arms
18:03 Town Watch
22:25 Castle Age
21:41 Forging
21:25 Horse Collar
21:35 Gold Mining
22:41 Fletching
23:17 Bodkin Arrow
22:48 Crossbowman
23:50 Double-Bit Axe
24:55 Pikeman
31:37 Scale Mail Armor
38:59 Squires
39:35 Iron Casting
41:39 Wheelbarrow
44:42 Imperial Age
43:49 Chain Mail Armor
43:37 Anarchy
45:36 Bow Saw
46:49 Chemistry
45:52 Bracer
45:55 Town Watch
45:50 Halberdier
46:43 Town Watch
51:57 Conscription
55:05 Perfusion
58:08 Blast Furnace
Connection lost

Rejoining the realm…

Still unreachable

The connection could not be restored.

Session expired

The server has moved on; the page needs a fresh start.